NCAA
ILLINOIS FIGHTING ILLINI @ TEXAS LONGHORNS
05/21/2023
 
TOP OF THE 1ST
Illinois Fighting Illini batting - Pitching for Texas Longhorns : RHP Patrick Mathews
Pitching: RHP Patrick Mathews
Batting: RHB Buddy Griffin 0-0: Ball
1-0: Swinging Strike
1-1: Swinging Strike
1-2: Foul Ball, location: 2F
1-2: Strikes out swinging
Batting: SHB Jared McNayer 0-0: Called Strike
0-1: Foul Ball, location: 2F
0-2: Strikes out looking
Batting: LHB Milton Watson 0-0: Ball
1-0: Ball
2-0: SINGLE (Groundball, 56D)
Batting: RHB Clinton Barton 0-0: Called Strike
0-1: Swinging Strike
0-2: Strikes out swinging
Top of the 1st over - 0 run(s), 1 hit(s), 0 error(s), 1 left on base; Illinois 0 - Texas 0
BOTTOM OF THE 1ST
Texas Longhorns batting - Pitching for Illinois Fighting Illini : RHP Felipe Sabido
Pitching: RHP Felipe Sabido
Batting: RHB Brennan Yates 0-0: Ball
1-0: Ball
2-0: Ball
3-0: Called Strike
3-1: Called Strike
3-2: SINGLE (Groundball, 4MD)
Batting: LHB Domingo Muñóz 0-0: Ball
1-0: Foul Ball, location: 2F
1-1: Ball
2-1: Called Strike
2-2: Ball
3-2: Foul Ball, location: 2F
3-2: Strikes out looking
Brennan Yates steals 2nd base
Batter strikes out.
Batting: RHB Paul Richard 0-0: Ball
1-0: Ball
2-0: SINGLE (Flyball, 78S)
Brennan Yates to third
Runner from 3rd tries for Home, SAFE, no throw or cutoff
Batting: SHB Justin Wyatt 0-0: Ball
Paul Richard is caught stealing 2nd base
1-0: Ball
2-0: SINGLE (Groundball, 3L)
Batting: LHB Gabriel Ortíz 0-0: Called Strike
0-1: Ball
1-1: Ball
2-1: Ball
3-1: Base on Balls
Justin Wyatt to second
Batting: LHB Gerald Galloway 0-0: Called Strike
0-1: Fly out, F8 (Flyball, 8RM)
Bottom of the 1st over - 1 run(s), 3 hit(s), 0 error(s), 2 left on base; Illinois 0 - Texas 1
TOP OF THE 2ND
Illinois Fighting Illini batting - Pitching for Texas Longhorns : RHP Patrick Mathews
Batting: RHB Michael Jones 0-0: Called Strike
0-1: Fly out, F6 (Popup, 6M)
Batting: LHB Steven Fox 0-0: Swinging Strike
0-1: Swinging Strike
0-2: Foul Ball, location: 2F
0-2: Ball
1-2: Strikes out looking
Batting: RHB Brandon Berry 0-0: Ball
1-0: Called Strike
1-1: Ball
2-1: Foul Ball, location: 2F
2-2: Ball
3-2: Base on Balls
Batting: LHB Joe Alexander 0-0: Called Strike
0-1: Foul Ball, location: 2F
0-2: Ball
1-2: Fielders Choice at 2nd, U6 (Groundball, 6M)
Top of the 2nd over - 0 run(s), 0 hit(s), 0 error(s), 1 left on base; Illinois 0 - Texas 1
BOTTOM OF THE 2ND
Texas Longhorns batting - Pitching for Illinois Fighting Illini : RHP Felipe Sabido
Batting: RHB Shane O'Higgins 0-0: Foul Ball, location: 2F
0-1: Ball
1-1: Ground out 1-3 (Groundball, 13S)
Batting: RHB Jeff Blanton 0-0: Ball
1-0: Foul Ball, location: 2F
1-1: Swinging Strike
1-2: SINGLE (Line Drive, 4D)
Batting: RHB Jason Erickson 0-0: Ball
1-0: Called Strike
1-1: Swinging Strike
1-2: Ball
2-2: Ball
3-2: SINGLE (Groundball, 4)
Jeff Blanton to second
Runner from 2nd tries for 3rd, SAFE, throw made to third
Jason Erickson to second
Batting: RHB Brennan Yates 0-0: Fly out, F9 (Flyball, 89M)
Batting: LHB Domingo Muñóz 0-0: Ball
1-0: Called Strike
1-1: SINGLE (Flyball, 8RS)
Jeff Blanton scores
Jason Erickson to third
Batting: RHB Paul Richard 0-0: Foul Ball, location: 2F
0-1: Foul Ball, location: 2F
0-2: Ball
1-2: Ball
2-2: Fly out, F3 (Popup, 34)
Bottom of the 2nd over - 1 run(s), 3 hit(s), 0 error(s), 2 left on base; Illinois 0 - Texas 2
TOP OF THE 3RD
Illinois Fighting Illini batting - Pitching for Texas Longhorns : RHP Patrick Mathews
Batting: SHB Ralph Oliver 0-0: Foul Ball, location: 2F
0-1: Ball
1-1: Ball
2-1: Foul Ball, location: 2F
2-2: Ground out 4-3 (Groundball, 34)
Batting: RHB Buddy Griffin 0-0: Swinging Strike
0-1: Ball
1-1: Ball
2-1: Foul Ball, location: 2F
2-2: Strikes out swinging
Batting: SHB Jared McNayer 0-0: Ball
1-0: Fly out, F8 (Flyball, 8LM)
Top of the 3rd over - 0 run(s), 0 hit(s), 0 error(s), 0 left on base; Illinois 0 - Texas 2
BOTTOM OF THE 3RD
Texas Longhorns batting - Pitching for Illinois Fighting Illini : RHP Felipe Sabido
Batting: SHB Justin Wyatt 0-0: Ball
1-0: Foul Ball, location: 2F
1-1: Called Strike
1-2: Ball
2-2: Foul Ball, location: 2F
2-2: Fly out, F7 (Flyball, 7LS)
Batting: LHB Gabriel Ortíz 0-0: Called Strike
0-1: Called Strike
0-2: Foul Ball, location: 2F
0-2: Foul Ball, location: 2F
0-2: Ball
1-2: Strikes out looking
Batting: LHB Gerald Galloway 0-0: Ground out U3 (Groundball, 3)
Bottom of the 3rd over - 0 run(s), 0 hit(s), 0 error(s), 0 left on base; Illinois 0 - Texas 2
TOP OF THE 4TH
Illinois Fighting Illini batting - Pitching for Texas Longhorns : RHP Patrick Mathews
Batting: LHB Milton Watson 0-0: Called Strike
0-1: Ball
1-1: Called Strike
1-2: Ball
2-2: Strikes out looking
Batting: RHB Clinton Barton 0-0: Foul Ball, location: 2F
0-1: Called Strike
0-2: Strikes out looking
Batting: RHB Michael Jones 0-0: Swinging Strike
0-1: Called Strike
0-2: Ball
1-2: Fly out, F6 (Popup, 6)
Top of the 4th over - 0 run(s), 0 hit(s), 0 error(s), 0 left on base; Illinois 0 - Texas 2
BOTTOM OF THE 4TH
Texas Longhorns batting - Pitching for Illinois Fighting Illini : RHP Felipe Sabido
Batting: RHB Shane O'Higgins 0-0: Ball
1-0: Ball
2-0: Foul Ball, location: 2F
2-1: Fly out, F9 (Flyball, 9M)
Batting: RHB Jeff Blanton 0-0: Ground out 6-3 (Groundball, 6)
Batting: RHB Jason Erickson 0-0: Ball
1-0: Fly out, F9 (Flyball, 89M)
Bottom of the 4th over - 0 run(s), 0 hit(s), 0 error(s), 0 left on base; Illinois 0 - Texas 2
TOP OF THE 5TH
Illinois Fighting Illini batting - Pitching for Texas Longhorns : RHP Patrick Mathews
Batting: LHB Steven Fox 0-0: Called Strike
0-1: Called Strike
0-2: Strikes out swinging
Batting: RHB Brandon Berry 0-0: Ground out 4-3 (Groundball, 4)
Batting: LHB Joe Alexander 0-0: Called Strike
0-1: Ball
1-1: Ball
2-1: Fly out, F8 (Flyball, 8RM)
Top of the 5th over - 0 run(s), 0 hit(s), 0 error(s), 0 left on base; Illinois 0 - Texas 2
BOTTOM OF THE 5TH
Texas Longhorns batting - Pitching for Illinois Fighting Illini : RHP Felipe Sabido
Batting: RHB Brennan Yates 0-0: Called Strike
0-1: Ground out 6-3 (Groundball, 6)
Batting: LHB Domingo Muñóz 0-0: SINGLE (Line Drive, 34D)
Batting: RHB Paul Richard 0-0: Called Strike
0-1: Foul Ball, location: 2F
0-2: Ball
1-2: Ball
2-2: Strikes out swinging
Batting: SHB Justin Wyatt 0-0: Ball
1-0: 2-RUN HOME RUN (Line Drive, 9D), Distance : 353 ft
Batting: LHB Gabriel Ortíz 0-0: Ball
1-0: Ball
2-0: Ground out 5-3 (Groundball, 5S)
Bottom of the 5th over - 2 run(s), 2 hit(s), 0 error(s), 0 left on base; Illinois 0 - Texas 4
TOP OF THE 6TH
Illinois Fighting Illini batting - Pitching for Texas Longhorns : RHP Patrick Mathews
Batting: SHB Ralph Oliver 0-0: Ball
1-0: Foul Ball, location: 2F
1-1: Ball
2-1: Called Strike
2-2: Ball
3-2: Foul Ball, location: 2F
3-2: Strikes out swinging
Batting: RHB Buddy Griffin 0-0: Called Strike
0-1: Called Strike
0-2: Ground out 1-3 (Groundball, 23)
Batting: SHB Jared McNayer 0-0: Ball
1-0: Foul Ball, location: 2F
1-1: Hit by Pitch
Batting: LHB Milton Watson 0-0: Ball
1-0: Ball
2-0: Ball
3-0: Called Strike
3-1: Fly out, F8 (Flyball, 8LM)
Top of the 6th over - 0 run(s), 0 hit(s), 0 error(s), 1 left on base; Illinois 0 - Texas 4
BOTTOM OF THE 6TH
Texas Longhorns batting - Pitching for Illinois Fighting Illini : RHP Felipe Sabido
Pitching: RHP Phil Lugo
Batting: LHB Gerald Galloway 0-0: Ball
1-0: Swinging Strike
1-1: Ball
2-1: Called Strike
2-2: Strikes out swinging, 2-3 out at first.
Batting: RHB Shane O'Higgins 0-0: Called Strike
0-1: Ball
1-1: Called Strike
1-2: Ball
2-2: Strikes out swinging
Batting: RHB Jeff Blanton 0-0: Ball
1-0: Ball
2-0: Ball
3-0: Called Strike
3-1: Foul Ball, location: 2F
3-2: Base on Balls
Batting: RHB Jason Erickson 0-0: Ball
1-0: Ground out 1-3 (Groundball, 15)
Bottom of the 6th over - 0 run(s), 0 hit(s), 0 error(s), 1 left on base; Illinois 0 - Texas 4
TOP OF THE 7TH
Illinois Fighting Illini batting - Pitching for Texas Longhorns : RHP Patrick Mathews
Pitching: RHP Michael Lee
Batting: RHB Clinton Barton 0-0: TRIPLE (Line Drive, 78D)
Batting: RHB Michael Jones 0-0: Called Strike
0-1: Called Strike
0-2: Strikes out swinging
Batting: LHB Steven Fox 0-0: Called Strike
0-1: Foul Ball, location: 2F
0-2: Ball
1-2: Ball
2-2: Strikes out swinging
Batting: RHB Brandon Berry 0-0: Called Strike
0-1: Called Strike
0-2: Fly out, F7 (Line Drive, 7M)
Top of the 7th over - 0 run(s), 1 hit(s), 0 error(s), 1 left on base; Illinois 0 - Texas 4
BOTTOM OF THE 7TH
Texas Longhorns batting - Pitching for Illinois Fighting Illini : RHP Phil Lugo
Batting: RHB Brennan Yates 0-0: Ball
1-0: Swinging Strike
1-1: Called Strike
1-2: Strikes out swinging
Batting: LHB Domingo Muñóz 0-0: Called Strike
0-1: Called Strike
0-2: Ball
1-2: Ball
2-2: Ball
3-2: Foul Ball, location: 2F
3-2: Fly out, F8 (Flyball, 8RM)
Batting: RHB Paul Richard 0-0: Called Strike
0-1: Ball
1-1: Ball
2-1: Foul Ball, location: 2F
2-2: Ground out 6-3 (Groundball, 6MD)
Bottom of the 7th over - 0 run(s), 0 hit(s), 0 error(s), 0 left on base; Illinois 0 - Texas 4
TOP OF THE 8TH
Illinois Fighting Illini batting - Pitching for Texas Longhorns : RHP Michael Lee
Batting: LHB Joe Alexander 0-0: Called Strike
0-1: Foul Ball, location: 2F
0-2: Strikes out swinging wild pitch, reaches first!
Batting: SHB Ralph Oliver 0-0: Ball
1-0: Called Strike
1-1: Foul Ball, location: 2F
1-2: Strikes out swinging
Batting: RHB Buddy Griffin 0-0: Ball
1-0: Fielders Choice at 2nd, 4-6 (Groundball, 4)
Batting: SHB Jared McNayer 0-0: Ball
1-0: Called Strike
1-1: Ball
Wild Pitch!
Buddy Griffin to second
2-1: Swinging Strike
2-2: Ball
3-2: Foul Ball, location: 2F
3-2: Strikes out looking
Top of the 8th over - 0 run(s), 0 hit(s), 0 error(s), 1 left on base; Illinois 0 - Texas 4
BOTTOM OF THE 8TH
Texas Longhorns batting - Pitching for Illinois Fighting Illini : RHP Phil Lugo
Pitching: RHP Denny Woodard
Batting: SHB Justin Wyatt 0-0: Called Strike
0-1: Called Strike
0-2: Foul Ball, location: 2F
0-2: Ball
1-2: Ball
2-2: Hit by Pitch
Batting: LHB Gabriel Ortíz 0-0: Called Strike
0-1: Ball
1-1: Foul Ball, location: 2F
1-2: Foul Ball, location: 2F
1-2: Ball
2-2: Foul Ball, location: 2F
2-2: Strikes out swinging
Batting: LHB Gerald Galloway 0-0: Ball
1-0: Called Strike
1-1: Ball
2-1: Foul Ball, location: 2F
2-2: Ball
3-2: Strikes out swinging
Batting: RHB Shane O'Higgins 0-0: Swinging Strike
0-1: Ground out 6-3 (Groundball, 6)
Bottom of the 8th over - 0 run(s), 0 hit(s), 0 error(s), 1 left on base; Illinois 0 - Texas 4
TOP OF THE 9TH
Illinois Fighting Illini batting - Pitching for Texas Longhorns : RHP Michael Lee
Batting: LHB Milton Watson 0-0: Ball
1-0: Ball
2-0: Ball
3-0: Called Strike
3-1: Swinging Strike
3-2: Strikes out swinging
Batting: RHB Clinton Barton 0-0: Called Strike
0-1: Ball
1-1: Foul Ball, location: 2F
1-2: Ball
2-2: Strikes out swinging
Batting: RHB Michael Jones 0-0: Ground out 6-3 (Groundball, 6M)
Top of the 9th over - 0 run(s), 0 hit(s), 0 error(s), 0 left on base; Illinois 0 - Texas 4
This league is powered by Out of the Park Baseball, the baseball management simulation game for PC, Mac and Linux
Wednesday, December 2nd, 2015 - OOTP Baseball 16.8 Build 38